 Dungeon Crawl Stone Soup version 0.24-a0-459-g225fefd530 (webtiles) character file.

Game seed: 9173747504031196042

16 vurker the Charmwright (level 2, -4/26 HPs)
             Began as a Gnoll Skald on June 30, 2019.
             Slain by an iguana (5 damage)
             ... on level 1 of the Dungeon.
             The game lasted 00:02:28 (1578 turns).

vurker the Charmwright (Gnoll Skald)                Turns: 1578, Time: 00:02:29

Health: -4/26      AC:  4    Str: 13    XL:     2   Next: 58%
Magic:  7/7        EV: 14    Int: 15    God:
Gold:   45         SH:  0    Dex: 14    Spells: 9/10 levels left

rFire    + . .     SeeInvis .   a - +0 spear
rCold    + . .     Gourm    .   (no shield)
rNeg     + . .     Faith    .   b - +0 leather armour
rPois    +         Spirit   .   (no helmet)
rElec    +         Reflect  .   (no cloak)
rCorr    +         Harm     .   f - +0 pair of gloves
MR       .....                  (no boots)
Stlth    +.........             (no amulet)
HPRegen  0.08/turn              h - ring of positive energy
MPRegen  0.10/turn              (no ring)

@: resistant
A: distributed training, fangs 1, strong nose
a: no special abilities


You were on level 1 of the Dungeon.
You were not hungry.

You visited 1 branch of the dungeon, and saw 2 of its levels.

You collected 45 gold pieces.

Inventory:

Hand Weapons
 a - a +0 spear (weapon)
Armour
 b - a +0 leather armour (worn)
 f - a +0 pair of gloves (worn)
   (You found it on level 2 of the Dungeon)
Jewellery
 h - a ring of positive energy (left hand)
   (You found it on level 1 of the Dungeon)
Scrolls
 c - 2 scrolls of teleportation {unknown}
 i - 2 scrolls of enchant weapon {unknown}
 k - a scroll of remove curse {unknown}
 l - a scroll of identify {unknown}
Potions
 m - a potion of cancellation {unknown}
Comestibles
 e - a ration {!d}


   Skills:
 + Level 4.5 Fighting
 + Level 0.4 Short Blades
 + Level 0.4 Long Blades
 + Level 0.4 Axes
 + Level 0.4 Maces & Flails
 + Level 4.5 Polearms
 + Level 0.4 Staves
 + Level 0.4 Slings
 + Level 0.4 Bows
 + Level 0.4 Crossbows
 + Level 0.4 Throwing
 + Level 2.5 Armour
 + Level 4.5 Dodging
 + Level 0.4 Stealth
 + Level 0.4 Shields
 + Level 0.4 Unarmed Combat
 + Level 4.9 Spellcasting
 + Level 0.2 Conjurations
 + Level 0.2 Hexes
 + Level 5.3 Charms
 + Level 0.2 Summonings
 + Level 0.2 Necromancy
 + Level 0.2 Translocations
 + Level 0.2 Transmutations
 + Level 0.2 Fire Magic
 + Level 0.2 Ice Magic
 + Level 0.2 Air Magic
 + Level 0.2 Earth Magic
 + Level 0.2 Poison Magic
 + Level 0.5 Invocations
 + Level 0.4 Evocations


You had 9 spell levels left.
You knew the following spells:

 Your Spells              Type           Power        Failure   Level  Hunger
o - Infusion              Chrm           ###.         2%          1    None

Your spell library contained the following spells:

 Spells                   Type           Power        Failure   Level  Hunger
 Song of Slaying          Chrm           ###.....     3%          2    ##.....
 Shroud of Golubria       Chrm/Tloc      ##....       10%         2    ##.....
 Regeneration             Chrm/Necr      ##........   21%         3    ###....
 Spectral Weapon          Hex/Chrm       ##......     21%         3    ###....


Dungeon Overview and Level Annotations

Branches:
Dungeon (2/15)

Altars:

Annotations:
D:2 Sigmund, Terence


Innate Abilities, Weirdness & Mutations

Your experience applies equally to all skills.
You have very sharp teeth.
Your uncanny sense of smell can sniff out nearby items.


Message History

The iguana bites you.
* * * LOW HITPOINT WARNING * * *
Sigmund points at you and mumbles some strange words.
You resist with significant effort. The jackal misses you.
Terence says, "Did you write a will?
You should..."
The iguana bites you!
* * * LOW HITPOINT WARNING * * *
The jackal bites you but does no damage.
You climb upwards.
There is a stone staircase leading down here.
It was a potion of resistance.
You feel protected.
The jackal bites you but does no damage.
The iguana bites you.
* * * LOW HITPOINT WARNING * * *
It was a potion of heal wounds.
You feel much better.
The jackal bites you but does no damage.
The iguana misses you. The jackal misses you.
You hit the iguana but do no damage. The iguana bites you.
The jackal bites you but does no damage.
You hit the iguana but do no damage. The jackal bites you.
* * * LOW HITPOINT WARNING * * *
The iguana misses you.
It was a potion of curing.
You feel better. The jackal completely misses you. The iguana bites you.
The jackal barely misses you.
You hit the iguana. The iguana misses you.
The jackal bites you but does no damage.
You hit the iguana. The jackal barely misses you. The iguana bites you!
Ouch! That really hurt!
* * * LOW HITPOINT WARNING * * *
You feel much better. The jackal barely misses you. The iguana bites you!
The jackal misses you.
You hit the iguana but do no damage. You bite the iguana, but do no damage.
The jackal bites you but does no damage.
The iguana barely misses you.
You completely miss the iguana. The jackal barely misses you.
You completely miss the iguana. You bite the iguana. The iguana bites you!
* * * LOW HITPOINT WARNING * * *
The jackal barely misses you.
You closely miss the iguana. The jackal barely misses you.
The iguana bites you!
* * * LOW HITPOINT WARNING * * *
You closely miss the iguana. The jackal barely misses you.
The iguana closely misses you.
The jackal bites you but does no damage.
You hit the iguana but do no damage. You bite the iguana, but do no damage.
The iguana closely misses you. The jackal barely misses you.
You hit the iguana but do no damage. You bite the iguana, but do no damage.
The jackal misses you. The iguana bites you.
You die...

.....#.# #.............#........
.....#.####.........)...#.##.####
....................###....#.# #
..............#.....###....#.# #
....................#......#.# #
...........##.#.....#.#.#..#.# #
...........##.#............#.# #
..........###.#l..........##.# #
................@.........##.# #
..........###.#h..........##.# #
...#......................##.# #
...#......#...............##.#
..........#......#..#.....##.#
#.#.#.....#......#......#.##.####
.......................##.#......
#.........#.#.............#..###.
###..........................#...


You could see an iguana and a jackal.

Vanquished Creatures
  A leopard gecko (D:1)
  A ball python (D:1)
  2 goblins (D:1)
  3 hobgoblins (D:1)
  A jackal (D:1)
  3 bats
  A kobold (D:1)
  3 rats (D:1)
15 creatures vanquished.

Notes
Turn   | Place    | Note
-------+----------+-------------------------------------------
     0 | D:1      | vurker the Gnoll Skald began the quest for the Orb.
     0 | D:1      | Reached XP level 1. HP: 20/20 MP: 6/6
   241 | D:1      | Reached XP level 2. HP: 26/26 MP: 7/7
   769 | D:2      | Noticed Sigmund
   810 | D:2      | Noticed Terence
  1564 | D:1      | HP: 1/26 [iguana (5)]
  1575 | D:1      | HP: 1/26 [iguana (8)]
  1578 | D:1      | Slain by an iguana

Levels and vault maps discovered:
D:1:      scummos_arrival_hexagon, layout_basic
D:2:      layout_rooms, first_ration, uniq_sigmund, uniq_terence

Action                   || total
-------------------------++-------
Melee: Spear             ||    68
       Bite              ||     9
  Use: Potion            ||     4
  Eat: Ration            ||     1
Armor: Leather armour    ||    16
Dodge: Dodged            ||    44

Table legend:
 A = Non-vault XP
 B = Vault XP
 C = Vault XP percentage of total XP
 D = Non-vault monster count
 E = Vault monster count
 F = Vault count percentage of total count
                 A         B        C        D         E       F
            +---------+---------+-------+---------+---------+-------
      Total |      24 |       0 |   0.0 |      15 |       0 |   0.0
            +---------+---------+-------+---------+---------+-------
        D:1 |      23 |       0 |   0.0 |      14 |       0 |   0.0
        D:2 |       1 |       0 |   0.0 |       1 |       0 |   0.0
            +---------+---------+-------+---------+---------+-------
